AoeStats
← Bandolero

Arabia

508682445Analyzed
1v1 RM · 8d ago on Sep 23, 2026· 71m 6s· 2 players
Game mode
Random Map
Map size
Tiny (2 player)
Population
200
Speed
Normal
Resources
Standard
Victory
Conquest
Starting age
Dark Age
Ending age
Imperial Age
RankedLock teamsTeams togetherTeam positionsShared explorationLock speedFull tech treeHidden civsTurbo modeCheats
Victory
Defeat
🇦🇷 Britons · Argentina
1354
+16
🇦🇷 Maya · Argentina
1345
-16
Bandolero
0:26 Loom
8:51 Feudal Age
9:25 Double-Bit Axe
11:47 Fletching
20:46 Castle Age
19:18 Padded Archer Armor
19:46 Gold Mining
20:46 Crossbowman
22:00 Bodkin Arrow
24:42 Leather Archer Armor
25:55 Elite Skirmisher
28:59 Wheelbarrow
32:00 Ballistics
34:52 Town Watch
39:01 Imperial Age
36:55 Stone Mining
39:08 Stone Shaft Mining
39:32 Bow Saw
40:49 Chemistry
40:06 Bracer
41:05 Hul'che Javelineers
41:40 Arbalester
43:46 Ring Archer Armor
43:48 Conscription
47:10 Thumb Ring
49:31 Hand Cart
51:56 Capped Ram
56:09 Siege Ram
56:25 Pikeman
57:07 Squires
57:13 Scale Mail Armor
57:23 Forging
57:40 Halberdier
59:43 Two-Man Saw
59:42 Chain Mail Armor
60:03 Iron Casting
63:21 Plate Mail Armor
63:52 Blast Furnace
Aldeano sin Telar
9:48 Feudal Age
8:10 Loom
11:25 Double-Bit Axe
13:21 Fletching
14:28 Horse Collar
15:55 Wheelbarrow
15:25 Padded Archer Armor
18:58 Gold Mining
24:26 Castle Age
24:28 Crossbowman
25:07 Bodkin Arrow
26:11 Bow Saw
26:02 Heavy Plow
26:18 Town Watch
29:29 Ballistics
30:17 Hand Cart
32:16 Leather Archer Armor
33:09 Masonry
33:51 Treadmill Crane
36:13 Stone Mining
37:44 Town Patrol
39:13 Gold Shaft Mining
42:21 Imperial Age
41:47 Husbandry
41:54 Scale Barding Armor
42:00 Forging
44:16 Chemistry
42:58 Arbalester
43:30 Light Cavalry
44:32 Bracer
47:07 Two-Man Saw
49:11 Conscription
49:41 Chain Barding Armor
51:17 Plate Barding Armor
53:41 Ring Archer Armor
56:31 Iron Casting
56:48 Architecture
58:45 Conscription
64:44 Hoardings
65:52 Blast Furnace
67:07 Yeomen
Connection lost

Rejoining the realm…

Still unreachable

The connection could not be restored.

Session expired

The server has moved on; the page needs a fresh start.